 Dungeon Crawl Stone Soup version 0.31-a0-588-g14bffd4ff3 (webtiles) character file.

Game seed: 17881777645925542306

951 Descartes the Shield-Bearer (level 8, -4/4 HPs)
             Began as a Vine Stalker Fighter on Aug 19, 2023.
             Shot with an arrow by a centaur (7 damage)
             ... on level 5 of the Dungeon.
             The game lasted 00:06:04 (4860 turns).

Descartes the Shield-Bearer (Vine Stalker Fighter)  Turns: 4860, Time: 00:06:04

Health: -4/4       AC:  1    Str: 22    XL:     8   Next: 13%
Magic:  0/14       EV:  9    Int:  8    God:
Gold:   248        SH:  0    Dex: 13    Spells: 13/13 levels left

rFire   . . .        a - melded +0 war axe
rCold   . . .        c - melded +0 buckler
rNeg    . . .        b - +0 scale mail
rPois   .            (no helmet)
rElec   .            (no cloak)
rCorr   .            (gloves currently unavailable)
SInv    .            (no boots)
Will    +++..        v - amulet of regeneration Stlth
                     e - ring of willpower
HPRegen 1.80/turn    q - ring of willpower
MPRegen 0.14/turn

%: guardian spirit
@: blade hands
A: reduced hp, fangs 3, regeneration 1, magic shield, antimagic bite, no potion
heal 2
a: Begin Untransformation


You were on level 5 of the Dungeon.
You had blades for hands.
You visited 1 branch of the dungeon, and saw 5 of its levels.

You collected 248 gold pieces.

Inventory:

Hand Weapons
 a - a +0 war axe (melded)
Missiles
 p - 9 poisoned darts
Armour
 b - a +0 scale mail (worn)
 c - a +0 buckler (melded)
 m - a +0 buckler
 o - a +0 helmet
Jewellery
 e - a ring of willpower (left blade hand)
 q - a ring of willpower (right blade hand)
 v - an amulet of regeneration (around neck)
Talismans
 n - a blade talisman (active)
Wands
 t - a wand of flame (12)
 x - a wand of polymorph (12)
Scrolls
 f - 4 scrolls of torment {unknown}
 g - 2 scrolls of vulnerability {unknown}
 j - 2 scrolls of fear {unknown}
 k - a scroll of noise {unknown}
 l - 6 scrolls of identify {unknown}
 r - 3 scrolls of fog {unknown}
 s - a scroll of amnesia {unknown}
Potions
 d - a potion of might
 h - a potion of curing {unknown}
 i - 2 potions of berserk rage {unknown}
 u - 2 potions of haste {unknown}
 w - a potion of heal wounds {unknown}
 z - a potion of enlightenment {unknown}


   Skills:
 + Level 4.2 Fighting
 + Level 3.7 Axes
 + Level 3.8 Armour
 + Level 4.3 Shields
 + Level 3.4 Spellcasting
 + Level 3.1 Evocations


You had 13 spell levels left.
You didn't know any spells.
Your spell library contained the following spells:

 Spells                   Type           Power      Damage    Failure   Level
 Sting                    Tmut/Pois      4%         1d3       61%         1
 Blink                    Tloc           2%         N/A       75%         2
 Poisonous Vapours        Pois/Air       2%         N/A       75%         2
 Ozocubu's Armour         Ice            1%         N/A       93%         3
 Manifold Assault         Tloc           1%         N/A       100%        4
 Olgreb's Toxic Radiance  Pois           1%         N/A       100%        4
 Ozocubu's Refrigeration  Ice            0%         4d7       100%        7


Dungeon Overview and Level Annotations

Branches:
Dungeon (5/15)
 Temple: D:4-7

Altars:
Vehumet
The Shining One

Portals:
Abyss: D:4

Annotations:
D:4 2 transporters, Ethylacetat's ghost, amateur OpGl


Innate Abilities, Weirdness & Mutations

You have blades for hands.
Your maximum health is decreased, since you lack skill for your form.
You are incapable of wielding weapons or throwing items.
You have razor-sharp teeth.
Your natural rate of healing is unusually fast.
When hurt, damage is shared between your health and your magic reserves.
Your bite disrupts and absorbs the magic of your enemies.
Potions cannot restore your health.


Message History

The bullfrog is heavily wounded.
The bullfrog hits you.
Ouch! That really hurt!
* * * LOW HITPOINT WARNING * * *
The bullfrog hits you.
You are too injured to fight recklessly!
You are too injured to fight recklessly!
You are too injured to fight recklessly!
You are too injured to fight recklessly!
You are too injured to fight recklessly!
You are too injured to fight recklessly!
You are too injured to fight recklessly!
You are too injured to fight recklessly!
A bullfrog is nearby!
You slice the bullfrog!!
You kill the bullfrog!
Found a stone staircase leading up.
There is a stone staircase leading up here.
You see here a +0 shortbow.
Things that are here:
a +0 dagger; a +0 scale mail
z - an emerald potion A centaur comes into view.
The centaur wields a +0 shortbow.
The centaur shoots an arrow.
The arrow misses you.
The centaur shoots an arrow.
The arrow hits you!
Ouch! That really hurt!
* * * LOW HITPOINT WARNING * * *
You are too injured to fight recklessly!
You are too injured to fight recklessly!
You are too injured to fight recklessly!
You are too injured to fight recklessly!
You are too injured to fight recklessly!
The centaur shoots an arrow.
The arrow completely misses you.
The centaur shoots an arrow.
The arrow hits you.
Ouch! That really hurt!
* * * LOW HITPOINT WARNING * * *
The centaur shoots an arrow.
The arrow hits you!
Ouch! That really hurt!
You die...

##...##...##
##.....##.......#...
..........##
#............#####..
...........###....#......##
##.
...........##...###......
## ...............## #.....
...............# ....
..............## ...
#......)##....#####..... .
#......####.....@....c.. ..
#......# #..###........ ...
.......# #..# #######.. ###
......## ##.## ###...# #..#
###.####.## #..##..##
###.#....## #..##.##..##


You could see a centaur.

Vanquished Creatures
  2 black bears (D:4)
  A centaur (D:5)
  A bullfrog (D:5)
  2 scorpions
  A howler monkey (D:5)
  A crimson imp (D:3)
  A hound (D:4)
  A jelly (D:4)
  A gnoll bouda (D:4)
  Ijyb (D:5)
  4 iguanas
  6 gnolls
  6 adders
  A white imp (D:5)
  3 worms
  2 dart slugs
  4 orcs
  4 ball pythons
  11 endoplasms
  3 giant cockroaches
  4 goblins
  6 hobgoblins
  5 quokkas
  5 bats
  2 frilled lizards (D:1)
  A goblin zombie (D:3)
  2 hobgoblin zombies (D:3)
  14 kobolds
  A kobold zombie (D:3)
  An orc skeleton (D:3)
  3 orc zombies (D:3)
  2 rats
102 creatures vanquished.

Notes
Turn   | Place    | Note
-------+----------+-------------------------------------------
     0 | D:1      | Descartes the Vine Stalker Fighter began the quest for the
                  | Orb.
     0 | D:1      | Reached XP level 1. HP: 11/11 MP: 2/2
   107 | D:1      | Reached XP level 2. HP: 16/16 MP: 3/3
   346 | D:1      | Reached XP level 3. HP: 19/19 MP: 5/5
   400 | D:1      | Reached skill level 1 in Spellcasting
   980 | D:2      | Reached skill level 1 in Evocations
  1064 | D:2      | Gained mutation: Your natural rate of healing is unusually
                  | fast. [Vine Stalker growth]
  1064 | D:2      | Reached XP level 4. HP: 21/23 MP: 6/6
  1265 | D:2      | Found a faded altar of an unknown god.
  1304 | D:2      | Found a radiant altar of Vehumet.
  1361 | D:2      | Reached XP level 5. HP: 24/28 MP: 5/8
  1538 | D:3      | Found a glowing golden altar of the Shining One.
  2262 | D:4      | Noticed a black bear
  3031 | D:4      | Reached XP level 6. HP: 30/32 MP: 7/10
  3114 | D:4      | Noticed a black bear
  3125 | D:4      | Killed a black bear
  3150 | D:4      | Killed a black bear
  3151 | D:4      | Reached XP level 7. HP: 18/37 MP: 6/11
  3461 | D:4      | Found a one-way gate to the infinite horrors of the Abyss.
  3461 | D:4      | Noticed Ethylacetat's ghost (amateur OpGl)
  3463 | D:4      | Noticed a small abomination
  3467 | D:4      | Found a transporter.
  3546 | D:4      | Found a transporter.
  3850 | D:5      | Entered Level 5 of the Dungeon
  4415 | D:5      | Gained mutation: You have razor-sharp teeth. [Vine Stalker
                  | growth]
  4415 | D:5      | Reached XP level 8. HP: 27/42 MP: 10/13
  4436 | D:5      | Noticed Ijyb
  4457 | D:5      | Killed Ijyb
  4860 | D:5      | Shot with an arrow by a centaur

Illustrated notes

Levels and vault maps discovered:
D:1:      psy_arrival_radial02, layout_loops_ring
D:2:      layout_basic, hellmonk_ecumenical_altar_run_dry, basic_altar,
          minmay_misc_feat_enclosed
D:3:      layout_basic, nicolae_tso_besieged_by_evil, minmay_misc_feat_doors
D:4:      layout_basic, gammafunk_ghost_abyssal_escape
D:5:      layout_layer_cave, uniq_ijyb

Skill      XL: |  1  2  3  4  5  6  7 |
---------------+----------------------+-----
Axes           | 2 3 |  3.7
Spellcasting   | 1 2 3 |  3.4
Evocations     | 1 2 3 |  3.1
Shields        | 3 4 |  4.3
Fighting       | 3 4 |  4.2
Armour         | 3 |  3.8

Action                     |  1- 3 |  4- 6 |  7- 9 || total
---------------------------+-------+-------+-------++-------
  Melee: War axe           |    82 |   124 |    94 ||   300
         Bite              |    16 |    25 |    26 ||    67
         Unarmed           |       |       |    14 ||    14
 Armour: Scale mail        |    44 |    62 |    33 ||   139
  Dodge: Dodged            |    42 |    58 |    57 ||   157
  Block: Buckler           |    14 |    30 |    19 ||    63
   Form: Blade             |       |       |     1 ||     1

Table legend: (Time is in decaauts)
 A = Elapsed time spent in this place.
 B = Non-inter-level travel time spent in this place.
 C = Inter-level travel time spent in this place.
 D = Time resting spent in this place.
 E = Time spent auto-exploring this place.
 F = Levels seen in this place.
 G = Mean time per level.
                   A        B        C        D        E       F      G
               +--------+--------+--------+--------+--------+-----+--------+
         Total |   4979 |   4765 |    214 |    700 |   3301 |   5 |  995.8 |
       Dungeon |   4979 |   4765 |    214 |    700 |   3301 |   5 |  995.8 |
               +--------+--------+--------+--------+--------+-----+--------+

Top non-repeatable levels by time:
     D:3: 1526 daAuts
     D:5: 1021 daAuts
     D:1: 967 daAuts
     D:4: 890 daAuts
     D:2: 574 daAuts
